AoeStats
← l Son Goku l930

Fortress

509264044Analyzed
4v4 RM · 6d ago on Sep 26, 2026· 45m 40s· 8 players
Game mode
Random Map
Map size
Huge
Population
200
Speed
Normal
Resources
Standard
Victory
Conquest
Starting age
Dark Age
Ending age
Imperial Age
RankedLock teamsTeams togetherTeam positionsShared explorationLock speedFull tech treeHidden civsTurbo modeCheats
Victory
Defeat
🇲🇽 Aztecs · Mexico
861
+13
🇲🇽 Danes · Mexico
837
+14
🇲🇽 Khmer · Mexico
797
+16
🇲🇽 Franks · Mexico
743
+19
🇨🇴 Bohemians · Colombia
826
-17
🇨🇴 Persians · Colombia
821
-16
🇨🇱 Khmer · Chile
808
-16
🇨🇴 Romans · Colombia
742
-13
Escobar Rat
0:59 Loom
9:26 Feudal Age
10:09 Double-Bit Axe
17:36 Castle Age
17:27 Scale Mail Armor
24:30 Bow Saw
26:15 Chemistry
27:58 Guard Tower
35:40 Imperial Age
32:58 Pikeman
34:02 Chain Mail Armor
l Son Goku l930
9:21 Feudal Age
10:43 Man-at-Arms
15:10 Castle Age
15:56 Long Swordsman
17:31 Forging
17:22 Scale Mail Armor
22:43 Double-Bit Axe
26:40 Horse Collar
28:25 Gold Mining
29:40 Ballistics
34:38 Imperial Age
35:22 Heavy Scorpion
40:20 Chemistry
41:18 Pikeman
42:10 Halberdier
Atomicz 420
0:33 Loom
9:26 Feudal Age
14:07 Castle Age
14:17 Horse Collar
14:28 Double-Bit Axe
16:13 Forging
16:10 Scale Barding Armor
23:02 Bow Saw
23:13 Heavy Plow
26:19 Wheelbarrow
26:11 Husbandry
26:22 Bloodlines
27:09 Ballistics
27:42 Hand Cart
29:06 Iron Casting
28:52 Chain Barding Armor
33:16 Imperial Age
34:40 Two-Man Saw
34:16 Crop Rotation
33:19 Cavalier
35:11 Chemistry
34:51 Plate Barding Armor
35:26 Blast Furnace
37:34 Heavy Camel Rider
42:20 Heavy Scorpion
Jx
0:31 Loom
11:09 Feudal Age
13:58 Wheelbarrow
13:08 Town Watch
13:20 Double-Bit Axe
13:19 Horse Collar
18:27 Castle Age
20:05 Hand Cart
19:50 Town Patrol
21:12 Hand Cart
21:01 Heavy Plow
memito101091
0:35 Loom
6:25 Feudal Age
8:17 Double-Bit Axe
8:23 Horse Collar
8:40 Town Watch
14:12 Gold Mining
17:48 Castle Age
18:04 Wheelbarrow
19:36 Husbandry
22:17 Heavy Plow
25:49 Bloodlines
27:11 Gold Shaft Mining
29:43 Bow Saw
30:43 Hand Cart
35:52 Imperial Age
35:02 Scale Barding Armor
35:55 Heavy Scorpion
40:16 Cavalier
42:02 Crop Rotation
43:11 Double Crossbow
rafa08slayer
1:19 Loom
7:51 Feudal Age
8:46 Double-Bit Axe
9:59 Gold Mining
12:41 Wheelbarrow
16:49 Castle Age
16:58 Scale Barding Armor
17:04 Forging
18:42 Husbandry
20:34 Pikeman
20:55 Ordonnance Companies
22:24 Squires
25:08 Hand Cart
25:21 Bow Saw
29:12 Arson
30:53 Gold Shaft Mining
35:52 Imperial Age
36:45 Chain Barding Armor
36:39 Chivalry
36:03 Cavalier
37:58 Chemistry
36:54 Murder Holes
37:59 Paladin
44:51 Plate Barding Armor
Kcire_zr
2:23 Loom
9:42 Feudal Age
10:32 Double-Bit Axe
10:30 Horse Collar
11:12 Gold Mining
12:04 Arson
17:11 Castle Age
16:39 Scale Mail Armor
16:40 Padded Archer Armor
16:46 Stone Mining
17:20 Fletching
20:40 Squires
22:52 Gambesons
29:43 Imperial Age
27:30 Pikeman
30:00 Forging
31:47 Wheelbarrow
32:35 Gold Shaft Mining
32:45 Heavy Plow
34:39 Chemistry
33:54 Hamask
36:28 Siege Engineers
37:27 Elite Varangian Guard
39:49 Conscription
39:39 Cranequins
41:54 Iron Casting
montes_503
0:46 Loom
8:22 Feudal Age
9:40 Wheelbarrow
8:59 Double-Bit Axe
8:55 Horse Collar
17:56 Castle Age
18:58 Bow Saw
18:36 Town Watch
23:50 Imperial Age
22:49 Hand Cart
22:56 Hand Cart
30:59 Scale Mail Armor
31:10 Forging
32:10 Elite Jaguar Warrior
33:13 Conscription
33:27 Heavy Plow
34:18 Chain Mail Armor
35:11 Iron Casting
35:55 Plate Mail Armor
35:57 Capped Ram
37:52 Siege Ram
41:17 Garland Wars
43:40 Blast Furnace
44:31 Fletching
44:42 Padded Archer Armor
Connection lost

Rejoining the realm…

Still unreachable

The connection could not be restored.

Session expired

The server has moved on; the page needs a fresh start.